 Dungeon Crawl Stone Soup version 0.28.0 (webtiles) character file.

Game seed: 16182567612347622280

134 zcamperz the Skirmisher (level 4, -9/63 HPs)
             Began as a Minotaur Berserker on Feb 18, 2022.
             Was a Believer of Trog.
             Mangled by an ogre (31 damage)
             ... on level 4 of the Dungeon.
             The game lasted 00:03:08 (2558 turns).

zcamperz the Skirmisher (Minotaur Berserker)        Turns: 2558, Time: 00:03:09

Health: -9/63      AC:  5    Str: 21    XL:     4   Next: 95%
Magic:  3/3        EV: 11    Int:  4    God:    Trog [**....]
Gold:   53         SH:  0    Dex: 10    Spells: 3/3 levels left

rFire   . . .      SeeInvis .   g - +1 battleaxe
rCold   . . .      Faith    .   (shield currently unavailable)
rNeg    . . .      Spirit   .   f - +0 ring mail
rPois   .          Reflect  .   (helmet restricted)
rElec   .          Harm     .   (no cloak)
rCorr   .          Rampage  .   (no gloves)
Will    .....                   (no boots)
Stlth   ..........              (no amulet)
HPRegen 0.20/turn               (no ring)
MPRegen 0.08/turn               (no ring)

@: berserking, very quick
A: horns 2, retaliatory headbutt, talons 1, camouflage 1, high MP 1, weak 1
a: Renounce Religion, Berserk, Trog's Hand


You were on level 4 of the Dungeon.
You worshipped Trog.
Trog was pleased with you.
You visited 1 branch of the dungeon, and saw 4 of its levels.

You collected 151 gold pieces.
You spent 98 gold pieces at shops.

Inventory:

Hand Weapons
 g - a +1 battleaxe (weapon)
Armour
 f - a +0 ring mail (worn)
Scrolls
 b - 2 scrolls of holy word {unknown}
 e - 2 scrolls of teleportation
 j - 2 scrolls of summoning
 m - a scroll of identify
Potions
 a - a potion of lignification


   Skills:
 + Level 5.1 Fighting
 + Level 5.1 Axes
 + Level 2.9 Armour
 + Level 2.7 Dodging
 + Level 0.3 Stealth


You had 3 spell levels left.
You didn't know any spells.
Your spell library was empty.

Dungeon Overview and Level Annotations

Branches:
Dungeon (4/15)
 Temple: D:4-7

Altars:

Shops:
D:4 [?

Annotations:
D:4 Eustachio


Innate Abilities, Weirdness & Mutations

You have a pair of horns on your head.
You reflexively headbutt those who attack you in melee.
You have sharp toenails.
Your skin changes colour to match your surroundings (Stealth+).
You have an increased reservoir of magic. (+10% MP)
You are weak. (Str -2)


Message History

You slice the black bear!!
You claw the black bear, but do no damage.
The black bear is almost dead.
The black bear bites you.
The black bear claws you but does no damage.
The black bear barely misses you.
A red film seems to cover your vision as you go berserk!
You feel yourself moving faster!
You feel mighty! The black bear bites you. The black bear barely misses you.
The black bear claws you but does no damage.
Eustachio casts a spell.
You closely miss Eustachio. Your kick misses Eustachio. You hit the shadow imp.
You barely miss the black bear.
The black bear goes berserk!
Eustachio yells, "Perjured traitor, DIE!"
Eustachio mumbles some strange words.
You slice Eustachio!! Your headbutt misses Eustachio.
Eustachio is severely wounded.
You closely miss the black bear. You closely miss the shadow imp.
The black bear bites you.
The black bear claws you but does no damage.
The black bear barely misses you. The shadow imp gestures at you.
Pain shoots through your body! Eustachio hits you with a +0 rapier!
The black bear bites you!
The black bear claws you but does no damage.
The black bear barely misses you.
You hit Eustachio. Your headbutt misses Eustachio.
Eustachio is severely wounded.
You hit the shadow imp. You barely miss the black bear.
The shadow imp hits you. The black bear bites you.
The black bear barely misses you.
The black bear claws you but does no damage.
Eustachio gestures wildly while chanting.
Eustachio blinks!
The black bear bites you! The black bear closely misses you.
The black bear claws you. The shadow imp misses you.
The white imp gestures at you. The puff of frost hits you.
The ogre hits you with a +0 giant club!!
You die...

#.####......#
#. #..##### #
#..# #..######
#........
#.#######
...####.# ###
!.....5[##.....
.).####@hg.♣
#O5♣.∩.♣
.r...♣...
##........
#....@...
...#.....
#........
.....####


You could see Eustachio, a black bear (berserk), an ogre, a white imp
(summoned), a shadow imp (summoned), a quokka and a goblin.

Vanquished Creatures
  A hound (D:4)
  4 adders
  An ufetubus (D:3)
  6 dart slugs
  An orc (D:3)
  2 bats
  8 endoplasms
  2 giant cockroaches
  5 goblins
  A hobgoblin (D:1)
  4 kobolds
  2 quokkas (D:3)
  7 ball pythons
  2 frilled lizards
  4 rats
50 creatures vanquished.

Notes
Turn   | Place    | Note
-------+----------+-------------------------------------------
     0 | D:1      | zcamperz the Minotaur Berserker began the quest for the
                  | Orb.
     0 | D:1      | Reached XP level 1. HP: 19/19 MP: 0/0
   287 | D:1      | Reached XP level 2. HP: 18/27 MP: 1/1
  1039 | D:1      | Reached XP level 3. HP: 34/34 MP: 2/2
  1427 | D:2      | Reached ** piety under Trog
  1531 | D:2      | Reached skill level 5 in Fighting
  1809 | D:3      | Found a faded altar of an unknown god.
  2076 | D:3      | Reached XP level 4. HP: 40/42 MP: 3/3
  2464 | D:4      | Found Ciqux's Magic Scroll Emporium.
  2480 | D:4      | Bought a scroll of identify for 28 gold pieces
  2480 | D:4      | Bought a scroll of identify for 28 gold pieces
  2480 | D:4      | Bought a scroll of teleportation for 42 gold pieces
  2482 | D:4      | Gained mutation: You are weak. (Str -2) [potion of
                  | mutation]
  2482 | D:4      | Gained mutation: You have sharp toenails. [potion of
                  | mutation]
  2482 | D:4      | Gained mutation: Your skin changes colour to match your
                  | surroundings (Stealth+). [potion of mutation]
  2482 | D:4      | Gained mutation: You have an increased reservoir of magic.
                  | (+10% MP) [potion of mutation]
  2514 | D:4      | Reached skill level 5 in Axes
  2551 | D:4      | Found Qeqynunt's Antique Armour Shoppe.
  2551 | D:4      | Noticed Eustachio
  2551 | D:4      | Noticed a black bear
  2552 | D:4      | Noticed an ogre
  2558 | D:4      | Mangled by an ogre

Illustrated notes

Levels and vault maps discovered:
D:1:      elethiomel_arrival_quiet, layout_basic
D:2:      layout_basic
D:3:      layout_basic, hellmonk_ecumenical_altar_lost_god,
          minmay_pentomino_pile
D:4:      layout_loops_ring, grunt_temple_overflow_order_and_chaos_2,
          mainiacjoe_overflow_alcove_3, amcnicky_altar_gilded, temple_pool_b,
          serial_shops, nicolae_shop_trees, nicolae_stop_n_shop_1,
          glass_columns_a, kennysheep_boxes, uniq_eustachio

Skill      XL: |  1  2  3  4 |
---------------+-------------+-----
Fighting       | 4 5 |  5.1
Axes           | 4 5 |  5.1
Armour         | |  2.9
Dodging        | |  2.7
Stealth        | |  0.3

Action                   |  1- 3 |  4- 6 || total
-------------------------+-------+-------++-------
Melee: Hand axe          |    47 |       ||    47
       Headbutt          |    13 |     1 ||    14
       Battleaxe         |    32 |    24 ||    56
       Kick              |       |     1 ||     1
Invok: Berserk           |       |     1 ||     1
  Use: Scroll            |       |     5 ||     5
       Potion            |       |     4 ||     4
 Stab: Distracted        |       |     1 ||     1
Armor: Animal skin       |     6 |       ||     6
       Ring mail         |    18 |    16 ||    34
Dodge: Dodged            |    63 |    25 ||    88
